Map: Hardwire LE

Players

DRG

  • Race: Zerg Zerg

Bunny - Winner!

  • Race: Terran Terran

Event: TSL 8

VOD

Have the link to the VOD?

Description

Time

  • Played on: Nov. 25, 2021, 4:10 a.m.
  • Length: 9:37

All games in this series

Show
View Real Time Build Order
Export as new Build Order

DRG Zerg 

Build Orders: Hatch First 

Get SALT Encoding   

  12  0:00  Drone  
  13  0:11  Overlord  
  13  0:17  Drone  
  14  0:30  Drone x2  
  16  0:47  Hatchery  
  15  0:50  Drone  
  15  0:54  Drone  
  17  0:57  Drone  
  18  1:08  Extractor  
  17  1:12  Spawning Pool  
  17  1:15  Drone  
  17  1:18  Drone  
  18  1:27  Drone  
  19  1:38  Drone  
  20  1:49  Drone  
  21  1:58  Queen  
  21  1:59  Zergling x4, Queen  
  27  2:09  Overlord  
  27  2:10  Drone  
  28  2:21  Hatchery  
  27  2:24  Drone  
  27  2:28  Drone  
  29  2:31  Drone  
  29  2:32  Drone  
  31  2:37  Queen  
  31  2:43  Metabolic Boost  
  33  2:48  Overlord  
  33  2:50  Drone  
  34  2:52  Drone  
  34  2:55  Drone  
  36  3:04  Overlord  
  36  3:07  Drone  
  36  3:08  Drone  
  36  3:09  Drone x2  
  40  3:13  Queen  
  40  3:16  Drone  
  40  3:19  Drone  
  44  3:24  Queen  
  44  3:26  Drone  
  47  3:32  Queen  
  49  3:35  Overlord  
  49  3:37  Drone  
  49  3:41  Zergling x4  
  52  3:43  Drone  
  52  3:44  Drone  
  52  3:46  Drone  
  55  3:49  Drone  
  55  3:50  Drone  
  55  3:51  Drone  
  55  3:55  Drone  
  59  3:57  Drone x2  
  59  4:00  Queen  
  63  4:07  Drone  
  63  4:09  Drone x2  
  66  4:16  Overlord  
  66  4:19  Overlord  
  66  4:25  Overlord  
  66  4:28  Overlord  
  66  4:30  Spore Crawler  
  65  4:34  Queen, Spore Crawler  
  65  4:35  Zergling x14  
  70  4:42  Drone  
  66  4:49  Drone x2  
  66  4:50  Drone  
  66  4:51  Drone  
  63  4:56  Drone x3  
  63  4:57  Drone  
  65  5:01  Drone  
  65  5:02  Drone  
  65  5:03  Evolution Chamber x2  
  65  5:06  Drone  
  64  5:11  Drone  
  64  5:12  Drone x3  
  64  5:14  Drone x2  
  70  5:16  Drone  
  70  5:20  Drone  
  70  5:21  Drone  
  73  5:23  Overlord  
  73  5:25  Drone  
  74  5:30  Zerg Ground Armor Level 1, Zerg Melee Weapons Level 1  
  74  5:34  Drone x3  
  77  5:39  Drone  
  77  5:40  Lair  
  77  5:41  Drone x2  
  77  5:42  Drone  
  81  5:44  Drone  
  81  5:45  Drone x2  
  81  5:48  Extractor  
  81  5:49  Drone x3  
  86  5:50  Drone  
  86  5:55  Drone x2, Extractor  
  86  5:56  Extractor  
  85  6:01  Baneling Nest, Overlord  
  85  6:04  Zergling x2  
  85  6:09  Hatchery  
  85  6:10  Zergling x12  
  90  6:17  Overlord  
  90  6:18  Zergling x10  
  95  6:23  Zergling x4  
  95  6:24  Overlord  
  97  6:30  Overlord  
  95  6:34  Zergling x2  
  95  6:39  Zergling x2  
  102  6:40  Zergling x12  
  102  6:45  Zergling x4  
  103  6:47  Hatchery  
  103  6:49  Zergling x2  
  103  6:50  Centrifugal Hooks  
  103  6:51  Queen  
  101  6:55  Overseer  
  101  6:56  Baneling  
  101  6:57  Baneling x6  
  101  6:58  Drone x2  
  101  7:00  Drone x2  
  105  7:03  Overlord  
  105  7:07  Pneumatized Carapace  
  105  7:12  Drone x6  
  105  7:13  Drone  
  105  7:14  Drone x2  
  114  7:17  Drone x2  
  116  7:26  Zergling x2  
  116  7:27  Zergling x4  
  117  7:35  Zergling x4  
  106  7:41  Zergling x10  
  111  7:46  Drone x7, Overseer  
  111  7:47  Baneling  
  111  7:48  Baneling  
  116  7:52  Zergling x4  
  116  7:54  Zergling x4  
  116  7:57  Baneling x4  
  120  7:59  Spore Crawler  
  120  8:01  Zergling x4  
  120  8:04  Queen  
  122  8:05  Drone  
  122  8:07  Baneling x4  
  120  8:14  Zergling x14  
  120  8:17  Baneling x4  
  120  8:18  Zergling x12  
  120  8:19  Queen  
  127  8:20  Drone x2  
  127  8:23  Drone x3  
  127  8:25  Extractor  
  131  8:27  Zergling x8, Extractor  
  131  8:31  Zergling x4  
  136  8:40  Zergling x16  
  136  8:46  Baneling x4  
  136  8:48  Baneling x2  
  131  8:50  Zergling x12  
  128  8:56  Zergling x8  
  128  9:00  Zergling x2  
  128  9:01  Zergling x6  
  125  9:03  Zergling x6  
  125  9:09  Zergling x6  
  126  9:10  Baneling x7  
  126  9:15  Drone  
  126  9:16  Drone x2  
  128  9:18  Extractor  
  128  9:19  Drone  
  128  9:20  Infestation Pit  
  128  9:21  Hydralisk Den  
  123  9:24  Spore Crawler  
Show
View Real Time Build Order
Export as new Build Order

Bunny Terran - Winner!

Build Orders: Liberator Opening, Reaper Expand 

Get SALT Encoding   

  12  0:00  SCV  
  13  0:12  SCV  
  14  0:17  Supply Depot  
  14  0:24  SCV  
  15  0:38  SCV  
  15  0:39  Barracks  
  16  0:43  Refinery  
  16  0:51  SCV  
  17  1:03  SCV  
  18  1:15  SCV  
  19  1:26  Reaper  
  19  1:27  Orbital Command  
  20  1:38  Command Center  
  20  1:48  Supply Depot  
  20  1:52  SCV  
  21  1:58  Marine  
  22  2:04  SCV  
  22  2:07  Factory  
  23  2:16  SCV, Refinery  
  23  2:20  Barracks Reactor  
  24  2:28  SCV  
  25  2:40  SCV  
  26  2:50  Orbital Command  
  26  2:52  Starport, SCV  
  27  3:01  Hellion  
  27  3:02  Hellion  
  27  3:05  SCV  
  32  3:08  Barracks Tech Lab  
  32  3:13  Supply Depot  
  32  3:16  SCV  
  32  3:17  SCV  
  34  3:23  Hellion x2  
  38  3:28  Liberator, SCV  
  38  3:29  SCV  
  43  3:37  Supply Depot  
  43  3:40  SCV  
  44  3:42  SCV  
  44  3:44  Hellion x2  
  49  3:51  Stimpack  
  49  3:56  SCV x2  
  51  4:03  Command Center  
  51  4:05  Supply Depot  
  51  4:11  SCV x2  
  53  4:21  Factory Reactor, Barracks  
  53  4:22  Starport Reactor  
  53  4:23  Barracks  
  53  4:24  SCV  
  54  4:26  SCV  
  54  4:28  Marine  
  56  4:44  SCV x2, Engineering Bay x2  
  56  4:45  Refinery  
  58  4:46  Refinery  
  58  4:52  Marine  
  52  4:56  SCV x2  
  52  4:58  Supply Depot  
  48  5:08  SCV  
  48  5:09  SCV  
  48  5:11  Marine x3  
  53  5:14  Terran Infantry Weapons Level 1, Terran Infantry Armor Level 1  
  53  5:16  Factory Reactor, Orbital Command  
  53  5:18  Marine x2  
  53  5:21  SCV x2  
  57  5:24  Medivac x2  
  61  5:29  Marine x3  
  61  5:32  Combat Shield  
  64  5:36  Marine x2  
  64  5:38  SCV x2  
  68  5:43  Orbital Command  
  68  5:47  Marine x3  
  71  5:53  Widow Mine x2, Marine  
  71  5:54  Marine  
  77  5:57  Supply Depot  
  77  5:59  Supply Depot  
  77  6:00  Supply Depot  
  77  6:01  SCV x2  
  77  6:03  Armory  
  79  6:04  Marine  
  79  6:05  Medivac, Marine  
  79  6:08  Medivac  
  79  6:10  Marine  
  86  6:11  Marine x2  
  86  6:14  SCV x2  
  86  6:15  SCV  
  86  6:17  Widow Mine  
  93  6:19  Widow Mine  
  95  6:32  Barracks  
  95  6:33  Barracks  
  95  6:38  Widow Mine  
  97  6:40  Widow Mine  
  97  6:42  Marine  
  97  6:43  Marine x3  
  97  6:46  SCV  
  97  6:47  Factory, SCV x2  
  106  6:48  Medivac x2  
  107  7:02  SCV x2  
  107  7:03  SCV  
  107  7:04  Supply Depot  
  107  7:05  Supply Depot  
  107  7:06  Widow Mine x2, Command Center  
  114  7:10  Marine x3  
  117  7:26  SCV x3, Marine x2  
  122  7:33  Barracks Reactor x2  
  111  7:37  Marine  
  111  7:38  Marine x2  
  111  7:39  Widow Mine x2  
  111  7:43  Marine x2  
  119  7:45  SCV x3  
  119  7:46  Refinery  
  119  7:47  Supply Depot  
  119  7:48  Supply Depot  
  122  7:55  Marine x3  
  125  7:59  SCV x3  
  125  8:01  Marine x2  
  130  8:13  Marine x3  
  130  8:15  Widow Mine x2  
  130  8:19  Supply Depot, Factory Tech Lab, Marine x2  
  138  8:24  Marine x4  
  142  8:31  Marine x3  
  144  8:37  Widow Mine x2, Marine x2  
  146  8:41  Widow Mine, Marine  
  146  8:42  Marine x3  
  150  8:49  Marine  
  150  8:53  Marine x2  
  150  8:55  Marauder, Marine  
  152  8:56  Medivac x2  
  152  8:58  Widow Mine x2  
  152  8:59  Marine x4  
  152  9:00  SCV x3, Planetary Fortress  
  162  9:03  Widow Mine  
  162  9:04  Barracks x2  
  154  9:10  Marine  
  154  9:11  Marine x2  
  154  9:12  SCV  
  154  9:13  SCV x2, Marine  
  161  9:17  Marine x4  
Tags
 
Add a new tag
Caveats
  • Supply blocks, unpowered buildings, or Contaminate may cause inaccurate times.
  • Supply counts are checked every 10 seconds.